 Dungeon Crawl Stone Soup version 0.15-a0-1619-g29500c9 (webtiles) character file.

16224 Ololoev the Spear-Bearer (level 12, -10/93 HPs)
             Began as a Demonspawn Gladiator on June 20, 2014.
             Was a Priest of Yredelemnul.
             Mangled by a frost giant
             ... wielding a +0 battleaxe of freezing
              (11 damage)
             ... on Level 12 of the Dungeon.
             The game lasted 01:40:51 (15842 turns).

Ololoev the Spear-Bearer (Demonspawn Gladiator)    Turns: 15842, Time: 01:40:51

HP -10/93        AC 10     Str 17      XL: 12   Next:  8%
MP   0/22        EV 18     Int  9      God: Yredelemnul [***...]
Gold 528         SH  0     Dex 18      Spells:  1 memorised,  7 levels left

rFire  + . .     SeeInvis .     M - +3 halberd (freeze)
rCold  . . .     Clarity  .     i - +0 mottled dragon armour
rNeg   + . .     rCorr    .     (no shield)
rPois  .         rRot     +     (helmet restricted)
rElec  .         Spirit   +     m - +0 cloak
SustAb .         Warding  +     F - +0 pair of gloves
rMut   .         Stasis   .     (no boots)
Gourm  .                        G - amulet of warding
MR     .....                    (no ring)
                                c - ring of protection from fire

@: not resistant to hostile enchantments, very unstealthy
A: horns 2, icy blue scales 1, foul stench 2, magic shield, rot immunity
a: Animate Dead, Recall Undead Slaves, Injury Mirror, Renounce Religion


You were on level 12 of the Dungeon.
You worshipped Yredelemnul.
Yredelemnul was most pleased with you.
You were not hungry.

You visited 2 branches of the dungeon, and saw 13 of its levels.
You also visited: Sewer.

You collected 528 gold pieces.

Inventory:

Hand weapons
 H - a +0 bardiche
 K - the +8 falchion of the Clouds {pain, rF+}
   (You found it on level 9 of the Dungeon)

   In the hands of one skilled in necromantic magic, it inflicts extra damage on
   living creatures.
   It protects you from fire.
 M - a +3 halberd of freezing (weapon)
Missiles
 I - 2 poisoned tomahawks
 Q - a tomahawk (quivered)
Armour
 i - a +0 mottled dragon armour (worn)
 m - a +0 cloak (worn)
 F - a +0 pair of gloves (worn)
 L - a +2 plate armour
 O - a +0 shield
Magical devices
 C - a wand of teleportation (0)
 P - a wand of fire (0)
 R - a wand of cold (7)
Comestibles
 f - 7 bread rations
 h - 2 rotting chunks of centaur flesh
 s - 4 beef jerkies
 w - 5 slices of pizza
 D - 8 royal jellies
Scrolls
 a - a scroll of identify
 g - 4 scrolls of remove curse
 j - 4 scrolls of teleportation
 k - 3 scrolls of enchant armour
 p - a scroll of noise
 r - 3 scrolls of fog
 t - 4 scrolls of blinking
 v - 2 scrolls of immolation
 x - 2 scrolls of fear
 y - 3 scrolls of amnesia
Jewellery
 c - a ring of protection from fire (left hand)
 n - an uncursed ring of ice
 G - an amulet of warding (around neck)
Potions
 b - 4 potions of restore abilities
 d - a potion of degeneration {unknown}
 e - 6 potions of brilliance
 o - 2 potions of heal wounds
 q - 4 potions of curing
 u - 2 potions of lignification
 A - 6 potions of might
 B - 2 potions of magic
 E - 2 potions of agility
 N - a potion of berserk rage {unknown}
Books
 z - a book of Hinderance

   Spells                             Type                      Level
   Confusing Touch                    Hexes                        2
   Confuse                            Hexes                        3
   Petrify                            Transmutation/Earth          4
   *Leda's Liquefaction               Hexes/Earth                  4
   Metabolic Englaciation             Hexes/Ice                    5
   Summon Mana Viper                  Hexes/Summoning              5
Magical staves
 J - an uncursed staff of poison


   Skills:
 + Level 8.2 Fighting
 + Level 11.8 Polearms
 - Level 2.0 Throwing
 + Level 3.3 Armour
 + Level 10.0 Dodging
 - Level 6.0 Invocations
 - Level 5.3 Evocations


You had 7 spell levels left.
You knew the following spells:

 Your Spells              Type           Power        Failure   Level  Hunger
a - Leda's Liquefaction   Hex/Erth       #.........   100%        4    #####..


Dungeon Overview and Level Annotations

Branches:
Dungeon (12/15)            Temple (1/1) D:5            Lair (0/8) D:10
    Orc: D:9-12

Altars:
Ashenzari
Cheibriados
Dithmenos
Elyvilon
Fedhas
Gozag
Kikubaaqudgha
Makhleb
Nemelex Xobeh
Okawaru
Qazlal
Trog
Vehumet
Xom
Yredelemnul
Zin
The Shining One

Annotations:
D:5 Blork the orc
D:9 PolkaDot's ghost, experienced DsMo


Innate Abilities, Weirdness & Mutations

You have a pair of horns on your head.
You are partially covered in icy blue scales (AC +1).
You radiate miasma.
When hurt, damage is shared between your health and your magic reserves.
You are immune to rotting.


Message History

Drink which item? (? for menu, Esc to quit)
You feel much better. The deep elf mage closely misses you.
Evoke which item? (* to show all) (? for menu, Esc to quit)
Zapping:
C - a wand of teleportation {zapped: 1}
Press: ? - help, Shift-Dir - straight line, f - frost giant, p - deep elf mage
Aim: a frost giant, wielding a battleaxe of freezing (sick) Nothing appears to happen.
The frost giant hits you but does no damage.
The deep elf mage gestures wildly while chanting.
The deep elf mage blinks!
You slash the frost giant!
You headbutt the frost giant, but do no damage.
The frost giant is lightly wounded.
The deep elf mage mumbles some strange words.
The deep elf mage blinks!
The frost giant hits you with a battleaxe of freezing!!
* * * LOW HITPOINT WARNING * * *
The frost giant freezes you!
You die...
Your body rises from the dead as a mindless zombie.

#... ###...#####
.....e.....#####
................#
........!..?.....#
..................#
........ยง..........
............C.....#
...........Z@......#
................####
#.........##### ####
###.....### ...###
##.".## .....#
##...## .....#
#.....# ...###
##...## ...# ##.##


You could see a frost giant, a deep elf mage and a friendly ogre zombie.

Vanquished Creatures
  The ghost of Xiguana the Cleaver, a powerful HOFi of Beogh (D:10)
  4 hill giants
  Joseph (D:8)
  2 cyclopes
  A manticore (D:12)
  A troll (D:11)
  A two-headed ogre (D:8)
  2 queen bees
  A trapdoor spider (D:12)
  A shadow (D:12)
  A wraith (D:12)
  4 yaks
  A deep elf fighter (D:10)
  A deep elf mage (D:11)
  A hungry ghost (D:8)
  The ghost of JOKER the Ruffian, an average MiBe of Trog (D:4)
  A steam dragon (D:12)
  A wyvern (D:10)
  2 water moccasins
  Edmund (D:4)
  3 hippogriffs
  Menkaure (D:5)
  A mottled dragon (D:11)
  5 orc warriors
  2 manticore zombies
  A yellow wasp (D:10)
  A black bear (D:10)
  4 sky beasts
  An ice beast (D:10)
  4 ogres
  4 phantoms
  5 centaurs
  Sigmund (D:5)
  Duvessa (D:4)
  3 crocodiles
  10 giant frogs
  The ghost of SkaryMonk the Firebug, an average DEFE (D:3)
  A komodo dragon zombie (D:11)
  3 jellies
  3 scorpions
  36 killer bees
  An electric eel (D:6)
  A goliath beetle (D:6)
  18 wights
  Dowan (D:4)
  7 crimson imps
  5 hounds
  5 orc priests
  A quasit (D:9)
  A big fish (D:6)
  5 iguanas
  2 centaur skeletons
  17 orc wizards
  10 worker ants
  2 mottled dragon zombies (D:12)
  A sky beast zombie (D:7)
  A worker ant zombie (D:9)
  4 gnolls (D:3)
  An orc zombie (D:7)
  13 adders
  9 green rats
  3 shadow imps
  4 worms
  4 giant mites
  An adder zombie (D:7)
  An adder skeleton (D:8)
  7 giant geckos
  2 oozes (Sewer)
  63 orcs
  12 ball pythons
  7 giant cockroaches
  10 goblins
  10 hobgoblins
  A quokka (D:2)
  23 bats
  10 giant newts
  A goblin skeleton (D:5)
  2 jackals (D:3)
  12 kobolds
  A kobold zombie (D:5)
  A quokka skeleton (D:4)
  51 rats
451 creatures vanquished.

Vanquished Creatures (collateral kills)
  A sky beast (D:11)
  2 centaurs (D:11)
  A scorpion (D:11)
  A jelly (D:11)
  An orc (D:11)
  A quokka (D:11)
7 creatures vanquished.

Vanquished Creatures (others)
  A hill giant zombie (D:11)
  A cyclops skeleton (D:11)
  A wight (D:12)
  A worker ant (D:8)
  A killer bee zombie (D:12)
  A sky beast zombie (D:12)
  A scorpion zombie (D:11)
  A worker ant zombie (D:12)
  A giant spore (D:9)
  An orc zombie (D:11)
  A quokka zombie (D:11)
  2 ballistomycetes (D:9)
  4 plants (D:11)
17 creatures vanquished.

Grand Total: 475 creatures vanquished

Notes
Turn   | Place    | Note
--------------------------------------------------------------
     0 | D:1      | Ololoev, the Demonspawn Gladiator, began the quest for the Orb.
     0 | D:1      | Reached XP level 1. HP: 16/16 MP: 1/1
   220 | D:1      | Reached skill level 3 in Polearms
   437 | D:1      | Found a shimmering altar of Xom.
   742 | D:1      | Gained mutation: You have a pair of small horns on your head. [demonic ancestry]
   742 | D:1      | Reached XP level 2. HP: 22/22 MP: 2/2
  1158 | D:2      | Reached XP level 3. HP: 27/27 MP: 3/3
  1202 | D:2      | Reached skill level 4 in Polearms
  1666 | D:3      | Gained mutation: You are immune to rotting. [demonic ancestry]
  1666 | D:3      | Reached XP level 4. HP: 24/33 MP: 2/4
  2103 | D:3      | Noticed SkaryMonk's ghost (average DEFE)
  2125 | D:3      | Killed SkaryMonk's ghost
  2125 | D:3      | Reached skill level 5 in Polearms
  2125 | D:3      | Reached XP level 5. HP: 18/38 MP: 2/5
  2310 | D:3      | Noticed a centaur
  2320 | D:3      | Killed a centaur
  2320 | D:3      | Reached skill level 6 in Polearms
  2471 | D:3      | Gained mutation: You are partially covered in icy blue scales (AC +1). [demonic ancestry]
  2471 | D:3      | Reached XP level 6. HP: 42/44 MP: 6/6
  2904 | D:4      | Noticed Edmund
  2935 | D:4      | Killed Edmund
  2967 | D:4      | Found a glowing golden altar of the Shining One.
  3196 | D:4      | Found a glowing drain.
  3212 | Sewer    | Entered a sewer
  3670 | Sewer    | Gained mutation: You emit a foul stench. [demonic ancestry]
  3670 | Sewer    | Reached XP level 7. HP: 37/50 MP: 5/8
  3672 | Sewer    | Reached skill level 1 in Evocations
  4487 | Sewer    | Reached skill level 5 in Dodging
  4618 | D:4      | Noticed JOKER's ghost (average MiBe)
  4760 | D:4      | Killed JOKER's ghost
  4941 | D:4      | Noticed Duvessa
  4941 | D:4      | Noticed Dowan
  4955 | D:4      | Killed Duvessa
  4958 | D:4      | Killed Dowan
  5004 | D:4      | Gained mutation: You have a pair of horns on your head. [demonic ancestry]
  5004 | D:4      | Reached XP level 8. HP: 50/56 MP: 11/13
  5234 | D:5      | Entered Level 5 of the Dungeon
  5278 | D:5      | Found a blossoming altar of Fedhas.
  5411 | D:5      | Reached skill level 5 in Evocations
  5507 | D:5      | Noticed Sigmund
  5519 | D:5      | Killed Sigmund
  6045 | D:5      | Found a staircase to the Ecumenical Temple.
  6052 | Temple   | Entered the Ecumenical Temple
  6298 | Temple   | Became a worshipper of Yredelemnul the Dark
  6388 | D:5      | Noticed Menkaure
  6452 | D:5      | Killed Menkaure
  6452 | D:5      | Reached skill level 7 in Dodging
  6580 | D:5      | Noticed Blork the orc
  6594 | D:5      | Found an ancient bone altar of Kikubaaqudgha.
  6748 | D:6      | Found a stormy altar of Qazlal.
  6891 | D:6      | Reached XP level 9. HP: 42/61 MP: 4/17
  7786 | D:6      | Reached skill level 8 in Dodging
  8483 | D:7      | Acquired Yredelemnul's first power
  9321 | D:8      | Found a radiant altar of Vehumet.
  9333 | D:8      | Reached skill level 9 in Dodging
  9750 | D:8      | Reached XP level 10. HP: 43/67 MP: 12/18
  9785 | D:8      | Acquired Yredelemnul's second power
 10762 | D:8      | Found a snail-covered altar of Cheibriados.
 10762 | D:8      | Found a burning altar of Makhleb.
 10763 | D:8      | Found a bloodstained altar of Trog.
 10767 | D:8      | Found an opulent altar of Gozag.
 10768 | D:8      | Found a white marble altar of Elyvilon.
 11032 | D:8      | Noticed Joseph
 11047 | D:8      | Killed Joseph
 11047 | D:8      | Reached skill level 5 in Fighting
 11047 | D:8      | Reached skill level 10 in Polearms
 11849 | D:9      | Learned a level 4 spell: Leda's Liquefaction
 11946 | D:9      | Got an iridescent falchion
 11947 | D:9      | Identified the +8 falchion of the Clouds {pain, rF+} (You found it on level 9 of the Dungeon)
 12012 | D:9      | Noticed PolkaDot's ghost (experienced DsMo)
 12361 | D:10     | Entered Level 10 of the Dungeon
 12652 | D:10     | Gained mutation: You radiate miasma. [demonic ancestry]
 12652 | D:10     | Reached XP level 11. HP: 74/83 MP: 16/19
 12657 | D:10     | Reached skill level 1 in Invocations
 12777 | D:10     | Found a staircase to the Lair.
 12901 | D:10     | Noticed Xiguana's ghost (powerful HOFi)
 12911 | D:10     | Killed Xiguana's ghost
 12991 | D:10     | Reached skill level 11 in Polearms
 13082 | D:10     | Noticed a hill giant
 13089 | D:10     | Killed a hill giant
 13379 | D:11     | Reached skill level 5 in Invocations
 13989 | D:11     | Noticed a hill giant
 13995 | D:11     | Killed a hill giant
 14162 | D:11     | Reached skill level 1 in Armour
 14272 | D:11     | Acquired Yredelemnul's third power
 14413 | D:11     | Noticed a hill giant
 14445 | D:11     | Killed a hill giant
 15103 | D:11     | Noticed a hill giant
 15109 | D:11     | Killed a hill giant
 15762 | D:12     | Gained mutation: When hurt, damage is shared between your health and your magic reserves. [demonic ancestry]
 15762 | D:12     | Reached XP level 12. HP: 81/92 MP: 19/22
 15765 | D:12     | Received a gift from Yredelemnul
 15785 | D:12     | Reached skill level 10 in Dodging
 15822 | D:12     | Noticed a frost giant
 15842 | D:12     | HP: 1/93 [frost giant/battleaxe of freezing (24)]
 15842 | D:12     | Mangled by a frost giant

Action                   |  1- 3 |  4- 6 |  7- 9 | 10-12 || total
-------------------------+-------+-------+-------+-------++-------
Melee: Trident           |    89 |   319 |   198 |       ||   606
       Scythe            |       |       |   324 |       ||   324
       Halberd           |       |       |    35 |   642 ||   677
       Falchion          |       |       |       |    14 ||    14
Throw: Throwing net      |       |     3 |     4 |       ||     7
       Stone             |       |       |     9 |       ||     9
       Tomahawk          |       |       |     2 |     8 ||    10
Invok: Animate Dead      |       |       |       |     3 ||     3
       Animate Remains   |       |       |       |     2 ||     2
Evoke: Wand              |       |     1 |    16 |    23 ||    40
  Use: Scroll            |       |    11 |    10 |     7 ||    28
       Potion            |       |       |     2 |     6 ||     8
 Stab: Held in net/web   |       |     4 |     2 |       ||     6
       Sleeping          |       |       |     1 |       ||     1
       Distracted        |       |       |       |     1 ||     1
       Fleeing           |       |       |       |     1 ||     1
